Canucks vs Panthers
Created - July 14, 2022 at 19:17
Goals
|
| Canucks |
1 |
0 |
2 |
3 |
| Panthers |
0 |
1 |
0 |
1 |
|
Shots
|
| Canucks |
5 |
8 |
6 |
19 |
| Panthers |
16 |
14 |
10 |
40 |
|
1st period
1. Canucks , Marcus Johansson 2 (Alex Goligoski 2) at 3:46 (SH)
Penalties :
Simon Despres (Van) for Slashing (Minor) at 3:12, Nick Palmieri (Van) for Hooking (Minor) at 9:10, Derick Brassard (Van) for Roughing (Minor) at 19:34
2nd period
2. Panthers , Nick Bjugstad 2 (Matt Duchene 3) at 6:16 (PP)
Penalties :
Sam Gagner (Van) for Hooking (Minor) at 6:14, Anze Kopitar (Flo) for Tripping (Minor) at 18:01
3rd period
3. Canucks , Cody Eakin 2 (Drew Doughty 6, Sam Gagner 3) at 6:06 (PP)
4. Canucks , Robert Nilsson 3 (Sam Gagner 4, Drew Doughty 7) at 13:41
Penalties :
Robert Nilsson (Van) for Hooking (Minor) at 0:07, Robert Nilsson (Van) for Hooking (Minor) at 3:08, Benoit Pouliot (Flo) for Holding (Minor) at 5:50, Nick Palmieri (Van) for Hooking (Minor) at 8:43, Robert Nilsson (Van) for Interference (Minor) at 15:10
Goalie Stats
Alexandar Georgiev (Van), 39 saves from 40 shots - (0.975), W, 1-0-0, 60:00 minutes
Petr Mrazek (Flo), 16 saves from 19 shots - (0.842), L, 3-1-0, 60:00 minutes
Players Stats for Canucks
Player Name G A P +/- PIM S H SB GA TA FO MP PP MP PK MP
------------------------------------------------------------------------------------
Alex Goligoski 0 1 1 1 0 0 0 1 0 1 0/0 21:40 1:48 5:22
Axel Holmstrom 0 0 0 0 0 1 0 0 0 0 1/1 4:01 0:00 2:16
Cody Eakin 1 0 1 1 0 3 1 0 0 0 8/12 18:02 1:10 3:39
Derick Brassard 0 0 0 1 2 3 0 4 0 0 0/1 23:52 1:05 6:52
Drew Doughty 0 2 2 1 0 1 1 1 1 1 0/0 29:29 1:48 8:33
Fabian Brunnstrom 0 0 0 0 0 1 1 0 0 0 0/0 12:24 0:00 2:10
Garnet Hathaway 0 0 0 0 0 0 2 0 0 0 0/0 4:48 0:00 0:00
Jason Akeson 0 0 0 0 0 2 2 0 0 0 1/1 10:28 0:00 0:00
Marcus Johansson 1 0 1 1 0 3 0 0 1 0 0/2 19:19 1:10 3:22
Maxim Talbot 0 0 0 0 0 1 4 1 0 1 1/5 9:23 0:00 0:00
Michael Kostka 0 0 0 1 0 0 0 2 0 1 0/0 28:01 0:27 8:33
Nick Palmieri 0 0 0 0 4 0 2 1 1 0 1/1 14:47 1:05 0:00
Robert Nilsson 1 0 1 1 6 1 0 3 1 0 13/31 23:54 1:05 5:03
Sam Gagner 0 2 2 1 2 2 1 0 0 0 3/4 20:52 1:10 4:28
Simon Despres 0 0 0 0 2 0 0 0 0 0 0/0 10:21 0:00 0:00
Teemu Pulkkinen 0 0 0 0 0 0 0 0 0 0 0/0 4:05 0:00 0:00
Tomas Kundratek 0 0 0 0 0 1 0 0 0 1 0/0 10:19 0:00 0:00
Tyler Myers 0 0 0 1 0 0 2 0 0 0 0/0 20:12 0:27 5:22
Players Stats for Panthers
Player Name G A P +/- PIM S H SB GA TA FO MP PP MP PK MP
------------------------------------------------------------------------------------
Adam Larsson 0 0 0 0 0 0 2 0 0 0 0/0 20:15 4:48 1:51
Anze Kopitar 0 0 0 0 2 6 1 0 0 0 5/9 19:26 6:11 0:16
Benoit Pouliot 0 0 0 0 2 0 1 0 0 0 1/1 19:26 6:11 0:23
Byron Bitz 0 0 0 0 0 2 0 0 0 0 1/2 10:20 0:00 0:00
Dalton Prout 0 0 0 0 0 0 1 4 0 0 0/0 18:41 4:48 0:24
Dan Hamhuis 0 0 0 -1 0 0 1 0 0 0 0/0 11:12 0:00 0:00
Dany Heatley 0 0 0 -1 0 0 0 0 1 0 3/3 8:03 0:00 1:05
Daultan Leveillé 0 0 0 -1 0 2 0 0 0 0 0/2 7:43 0:00 0:54
Erik Gudbranson 0 0 0 -1 0 3 2 1 0 2 0/0 30:07 9:07 1:51
Jeremy Morin 0 0 0 0 0 6 0 0 0 0 0/0 9:41 0:00 0:00
Jordan Eberle 0 0 0 0 0 2 0 0 0 0 1/3 20:47 6:11 1:52
Josh Gorges 0 0 0 -1 0 1 0 0 0 0 0/0 11:36 0:00 0:24
Kasperi Kapanen 0 0 0 -1 0 1 1 0 0 0 0/0 6:33 0:00 0:00
Matt Duchene 0 1 1 -1 0 6 0 0 2 0 15/30 22:02 7:44 0:00
Max Reinhart 0 0 0 0 0 2 0 0 1 0 4/5 9:41 0:00 0:00
Nick Bjugstad 1 0 1 -1 0 4 0 0 0 1 0/1 21:59 7:44 0:00
Oscar Klefbom 0 0 0 -1 0 1 0 0 0 0 0/0 28:09 9:07 0:00
Taylor Hall 0 0 0 -1 0 4 3 0 1 1 0/2 22:02 7:44 0:00
3 Stars
1 - Alexandar Georgiev (Van)
2 - Drew Doughty (Van)
3 - Cody Eakin (Van)
Power Play
Canucks - 1 on 2 Attempt(s) - 50.00%
Panthers - 1 on 8 Attempt(s) - 12.50%
Penalty Kill
Canucks - 7 on 8 Attempt(s) - 87.50%
- Score 1 goal in Penalty Kill
Panthers - 1 on 2 Attempt(s) - 50.00%
- Score 0 goal in Penalty Kill
Team Stat
Canucks - Hits : 16 - Faceoff Wins : 28 - Blocked Shots : 13 - Penalty Minutes : 16
Panthers - Hits : 12 - Faceoff Wins : 30 - Blocked Shots : 5 - Penalty Minutes : 4
Official
Referees : Chris Schlenker and Chris Rooney
Linesman : Andrew Smith and Libor Suchanek
Game Notes
No Game Note
Finance
Level 1 -- Attendance: 6000 (100.00%) -- Ticket Income $600,000
Level 2 -- Attendance: 5000 (100.00%) -- Ticket Income $300,000
Level 3 -- Attendance: 2000 (100.00%) -- Ticket Income $70,000
Level 4 -- Attendance: 4000 (100.00%) -- Ticket Income $100,000
Luxury Box -- Attendance: 1000 (100.00%) -- Ticket Income $200,000
Game was played at the BBT Center.
Total Attendance: 18000 (100.00%)
Total Ticket Income: $1,270,000
Other Income: $190,500
Total Income: $1,460,500
Canucks
5 vs 5 Forward
Center Left Wing Right Wing Time % Phy DF OF
1 Robert Nilsson Derick Brassard Sam Gagner 62 0 2 3
2 Cody Eakin Marcus Johansson Nick Palmieri 26 1 2 2
3 Maxim Talbot Fabian Brunnstrom Jason Akeson 8 1 2 2
4 Robert Nilsson Teemu Pulkkinen Garnet Hathaway 4 1 2 2
5 vs 5 Defense
Defense Defense Time % Phy DF OF
1 Drew Doughty Michael Kostka 62 1 2 2
2 Tyler Myers Alex Goligoski 27 1 2 2
3 Tomas Kundratek Simon Despres 7 1 2 2
4 Drew Doughty Tyler Myers 4 1 2 2
PowerPlay Forward
Center Left Wing Right Wing Time % Phy DF OF
1 Robert Nilsson Derick Brassard Nick Palmieri 75 0 0 5
2 Cody Eakin Marcus Johansson Sam Gagner 25 0 0 5
PowerPlay Defense
Defense Defense Time % Phy DF OF
1 Drew Doughty Alex Goligoski 75 0 0 5
2 Tyler Myers Michael Kostka 25 0 0 5
Penalty Kill 4 Players Forward
Center Wing Time % Phy DF OF
1 Robert Nilsson Derick Brassard 60 1 2 2
2 Cody Eakin Marcus Johansson 40 1 2 2
Penalty Kill 4 Players Defense
Defense Defense Time % Phy DF OF
1 Drew Doughty Michael Kostka 60 1 2 2
2 Tyler Myers Alex Goligoski 40 1 2 2
Penalty Kill - 3 Players Forward
Forward Time % Phy DF OF
1 Robert Nilsson 60 1 2 2
2 Derick Brassard 40 1 2 2
Penalty Kill - 3 Players Defense
Defense Defense Time % Phy DF OF
1 Drew Doughty Michael Kostka 60 1 2 2
2 Tyler Myers Alex Goligoski 40 1 2 2
4 vs 4 Forward
Center Wing Time % Phy DF OF
1 Robert Nilsson Derick Brassard 64 0 2 3
2 Cody Eakin Marcus Johansson 36 1 2 2
4 vs 4 Defense
Defense Defense Time % Phy DF OF
1 Drew Doughty Michael Kostka 60 1 2 2
2 Tyler Myers Alex Goligoski 40 1 2 2
Last Minutes Offensive
Center Left Wing Right Wing Defense Defense
Robert Nilsson Derick Brassard Nick Palmieri Drew Doughty Alex Goligoski
Last Minutes Defensive
Center Left Wing Right Wing Defense Defense
Robert Nilsson Derick Brassard Nick Palmieri Drew Doughty Michael Kostka
Goaltenders
Starting : Alexandar Georgiev
Backup : Jonathan Quick
Extra Forwards
Normal : Sam Gagner, Marcus Johansson, Jason Akeson - PP : Sam Gagner, Marcus Johansson - PK : Sam Gagner
Extra Defensemen
Normal : Michael Kostka, Tomas Kundratek, Simon Despres - PP : Michael Kostka - PK : Michael Kostka, Tomas Kundratek
Penalty Shots
Derick Brassard, Marcus Johansson, Robert Nilsson, Nick Palmieri, Sam Gagner
Scratches
Gilbert Brule (Suspend), Pekka Rinne (Healthy)
Panthers
5 vs 5 Forward
Center Left Wing Right Wing Time % Phy DF OF
1 Matt Duchene Taylor Hall Nick Bjugstad 50 0 2 3
2 Anze Kopitar Benoit Pouliot Jordan Eberle 35 0 2 3
3 Max Reinhart Jeremy Morin Byron Bitz 10 1 2 2
4 Daultan Leveillé Dany Heatley Kasperi Kapanen 5 0 2 3
5 vs 5 Defense
Defense Defense Time % Phy DF OF
1 Erik Gudbranson Oscar Klefbom 50 0 2 3
2 Adam Larsson Dalton Prout 30 0 2 3
3 Josh Gorges Dan Hamhuis 10 1 2 2
4 Erik Gudbranson Oscar Klefbom 10 0 2 3
PowerPlay Forward
Center Left Wing Right Wing Time % Phy DF OF
1 Matt Duchene Taylor Hall Nick Bjugstad 60 0 1 4
2 Anze Kopitar Benoit Pouliot Jordan Eberle 40 0 1 4
PowerPlay Defense
Defense Defense Time % Phy DF OF
1 Erik Gudbranson Oscar Klefbom 70 0 2 3
2 Adam Larsson Dalton Prout 30 0 2 3
Penalty Kill 4 Players Forward
Center Wing Time % Phy DF OF
1 Anze Kopitar Jordan Eberle 60 0 5 0
2 Max Reinhart Taylor Hall 40 0 5 0
Penalty Kill 4 Players Defense
Defense Defense Time % Phy DF OF
1 Erik Gudbranson Adam Larsson 60 0 5 0
2 Dalton Prout Josh Gorges 40 0 5 0
Penalty Kill - 3 Players Forward
Forward Time % Phy DF OF
1 Jordan Eberle 60 0 5 0
2 Anze Kopitar 40 0 5 0
Penalty Kill - 3 Players Defense
Defense Defense Time % Phy DF OF
1 Erik Gudbranson Adam Larsson 60 0 5 0
2 Dalton Prout Josh Gorges 40 0 5 0
4 vs 4 Forward
Center Wing Time % Phy DF OF
1 Matt Duchene Taylor Hall 60 0 2 3
2 Anze Kopitar Jordan Eberle 40 0 2 3
4 vs 4 Defense
Defense Defense Time % Phy DF OF
1 Erik Gudbranson Oscar Klefbom 60 0 2 3
2 Adam Larsson Dalton Prout 40 1 2 2
Last Minutes Offensive
Center Left Wing Right Wing Defense Defense
Matt Duchene Taylor Hall Jordan Eberle Erik Gudbranson Oscar Klefbom
Last Minutes Defensive
Center Left Wing Right Wing Defense Defense
Anze Kopitar Taylor Hall Jordan Eberle Erik Gudbranson Adam Larsson
Goaltenders
Starting : Petr Mrazek
Backup : Tyler Weiman
Extra Forwards
Normal : Jordan Eberle, Taylor Hall, Matt Duchene - PP : Anze Kopitar, Taylor Hall - PK : Dany Heatley
Extra Defensemen
Normal : Adam Larsson, Erik Gudbranson, Oscar Klefbom - PP : Josh Gorges - PK : Dalton Prout, Erik Gudbranson
Penalty Shots
Benoit Pouliot, Nick Bjugstad, Anze Kopitar, Taylor Hall, Jordan Eberle
Scratches
Andrej Sekera (Healthy), R.J. Umberger (Healthy)
% Time on Ice - Canucks
Lines # - Real PCT - Wanted PCT - Time Play
Normal Forward
1 - 38% - 62% - 16:44
2 - 31% - 26% - 13:38
3 - 21% - 8% - 9:23
4 - 9% - 4% - 4:05
Normal Defense
1 - 44% - 62% - 19:08
2 - 33% - 27% - 14:23
3 - 24% - 7% - 10:19
4 - 0% - 4% - 0:00
PP Forward
1 - 48% - 75% - 1:05
2 - 52% - 25% - 1:10
PP Defense
1 - 80% - 75% - 1:48
2 - 20% - 25% - 0:27
PK Forward
1 - 76% - 60% - 10:33
2 - 24% - 40% - 3:22
PK Defense
1 - 61% - 60% - 8:33
2 - 39% - 40% - 5:22
PK3 Forward
1 - 0% - 60%
2 - 0% - 40%
PK3 Defense
1 - 0% - 60%
2 - 0% - 40%
44 Forward
1 - 0% - 64%
2 - 0% - 36%
44 Defense
1 - 0% - 60%
2 - 0% - 40%
Last Minute Offensive - 0:00
Last Minute Defensive - 0:00
Total
Forward - 60:00
Defense - 60:00
|
% Time on Ice - Panthers
Lines # - Real PCT - Wanted PCT - Time Play
Normal Forward
1 - 34% - 50% - 14:59
2 - 29% - 35% - 12:39
3 - 22% - 10% - 9:41
4 - 15% - 5% - 6:31
Normal Defense
1 - 44% - 50% - 19:09
2 - 31% - 30% - 13:29
3 - 26% - 10% - 11:12
4 - 0% - 10% - 0:00
PP Forward
1 - 56% - 60% - 7:44
2 - 44% - 40% - 6:11
PP Defense
1 - 66% - 70% - 9:07
2 - 34% - 30% - 4:48
PK Forward
1 - 100% - 60% - 2:15
2 - 0% - 40% - 0:00
PK Defense
1 - 82% - 60% - 1:51
2 - 18% - 40% - 0:24
PK3 Forward
1 - 0% - 60%
2 - 0% - 40%
PK3 Defense
1 - 0% - 60%
2 - 0% - 40%
44 Forward
1 - 0% - 60%
2 - 0% - 40%
44 Defense
1 - 0% - 60%
2 - 0% - 40%
Last Minute Offensive - 0:00
Last Minute Defensive - 0:00
Total
Forward - 60:00
Defense - 60:00
|
Play-by-Play
1st period
0:01 of 1st period - Matt Duchene wins face-off versus Robert Nilsson in neutral zone.
0:12 of 1st period - Wrist shot by Matt Duchene.
0:12 of 1st period - Shot Blocked by Michael Kostka.
0:14 of 1st period - Slapshot by Nick Bjugstad.
0:14 of 1st period - Stopped by Alexandar Georgiev with a rebound.
0:16 of 1st period - Wrist shot by Nick Bjugstad.
0:16 of 1st period - Shot Blocked by Robert Nilsson.
0:51 of 1st period - Slapshot by Drew Doughty.
0:51 of 1st period - Shot Misses the Net.
0:57 of 1st period - Maxim Talbot is hit by Adam Larsson and loses puck.
1:14 of 1st period - Wrist shot by Nick Bjugstad.
1:14 of 1st period - Deflect By Matt Duchene.
1:14 of 1st period - Stopped by Alexandar Georgiev with a rebound.
1:33 of 1st period - Snap shot by Cody Eakin.
1:33 of 1st period - Shot Misses the Net.
2:15 of 1st period - Snap shot by Jeremy Morin.
2:15 of 1st period - Stopped by Alexandar Georgiev with a rebound.
2:33 of 1st period - Off-side.
2:34 of 1st period - Cody Eakin wins face-off versus Matt Duchene in neutral zone.
2:45 of 1st period - Snap shot by Taylor Hall.
2:45 of 1st period - Shot Hit the Post.
3:12 of 1st period - Minor Penalty to Simon Despres for Slashing.
3:13 of 1st period - Anze Kopitar wins face-off versus Robert Nilsson in Canucks zone.
3:13 of 1st period - Wrist shot by Benoit Pouliot.
3:13 of 1st period - Deflect By Jordan Eberle.
3:13 of 1st period - Shot Blocked by Derick Brassard.
3:13 of 1st period - Puck is out of play.
3:14 of 1st period - Anze Kopitar wins face-off versus Robert Nilsson in Canucks zone.
3:46 of 1st period - Wrist shot by Marcus Johansson.
3:46 of 1st period - Deflect By Erik Gudbranson.
3:46 of 1st period - Goal by Marcus Johansson - Canucks : 1 - Panthers : 0.
3:47 of 1st period - Robert Nilsson wins face-off versus Matt Duchene in neutral zone.
5:12 of 1st period - Penalty to Simon Despres is over, Simon Despres is back on ice.
5:18 of 1st period - Daultan Leveillé is hit by Maxim Talbot and loses puck.
5:23 of 1st period - Snap shot by Fabian Brunnstrom.
5:23 of 1st period - Stopped by Petr Mrazek with a rebound.
5:25 of 1st period - Snap shot by Fabian Brunnstrom.
5:25 of 1st period - Shot Misses the Net.
5:27 of 1st period - Snap shot by Maxim Talbot.
5:27 of 1st period - Shot Misses the Net.
5:29 of 1st period - Snap shot by Maxim Talbot.
5:29 of 1st period - Shot Misses the Net.
5:31 of 1st period - Slapshot by Tomas Kundratek.
5:31 of 1st period - Stopped by Petr Mrazek with a rebound.
6:12 of 1st period - Off-side.
6:13 of 1st period - Matt Duchene wins face-off versus Marcus Johansson in neutral zone.
6:34 of 1st period - Anze Kopitar is hit by Jason Akeson.
6:41 of 1st period - Icing by Fabian Brunnstrom.
6:42 of 1st period - Anze Kopitar wins face-off versus Maxim Talbot in Canucks zone.
6:45 of 1st period - Slapshot by Jordan Eberle.
6:45 of 1st period - Shot Blocked by Maxim Talbot.
6:52 of 1st period - Off-side.
6:53 of 1st period - Robert Nilsson wins face-off versus Matt Duchene in neutral zone.
8:07 of 1st period - Wrist shot by Taylor Hall.
8:07 of 1st period - Shot Blocked by Michael Kostka.
8:09 of 1st period - Slapshot by Matt Duchene.
8:09 of 1st period - Stopped by Alexandar Georgiev with a rebound.
8:27 of 1st period - Slapshot by Kasperi Kapanen.
8:27 of 1st period - Stopped by Alexandar Georgiev without a rebound.
8:28 of 1st period - Matt Duchene wins face-off versus Robert Nilsson in Canucks zone.
8:35 of 1st period - Snap shot by Matt Duchene.
8:35 of 1st period - Shot Misses the Net.
8:39 of 1st period - Snap shot by Taylor Hall.
8:39 of 1st period - Stopped by Alexandar Georgiev with a rebound.
8:41 of 1st period - Slapshot by Erik Gudbranson.
8:41 of 1st period - Stopped by Alexandar Georgiev with a rebound.
8:43 of 1st period - Snap shot by Matt Duchene.
8:43 of 1st period - Shot Blocked by Derick Brassard.
8:53 of 1st period - Jordan Eberle is hit by Cody Eakin and loses puck.
9:02 of 1st period - Snap shot by Jordan Eberle.
9:02 of 1st period - Stopped by Alexandar Georgiev with a rebound.
9:04 of 1st period - Snap shot by Anze Kopitar.
9:04 of 1st period - Stopped by Alexandar Georgiev with a rebound.
9:10 of 1st period - Minor Penalty to Nick Palmieri for Hooking.
9:11 of 1st period - Robert Nilsson wins face-off versus Matt Duchene in Canucks zone.
10:56 of 1st period - Drew Doughty is hit by Erik Gudbranson and loses puck.
11:10 of 1st period - Penalty to Nick Palmieri is over, Nick Palmieri is back on ice.
11:47 of 1st period - Snap shot by Dany Heatley.
11:47 of 1st period - Shot Misses the Net.
12:11 of 1st period - Snap shot by Sam Gagner.
12:11 of 1st period - Deflect By Jason Akeson.
12:11 of 1st period - Stopped by Petr Mrazek without a rebound.
12:12 of 1st period - Jason Akeson wins face-off versus Byron Bitz in Panthers zone.
12:21 of 1st period - Wrist shot by Sam Gagner.
12:21 of 1st period - Deflect By Jeremy Morin.
12:21 of 1st period - Stopped by Petr Mrazek with a rebound.
12:23 of 1st period - Snap shot by Sam Gagner.
12:23 of 1st period - Shot Blocked by Dalton Prout.
12:25 of 1st period - Wrist shot by Derick Brassard.
12:25 of 1st period - Shot Blocked by Dalton Prout.
12:39 of 1st period - Dalton Prout is hit by Tyler Myers and loses puck.
13:21 of 1st period - Tomas Kundratek is hit by Benoit Pouliot and loses puck.
14:14 of 1st period - Oscar Klefbom is hit by Maxim Talbot and loses puck.
14:33 of 1st period - Slapshot by Byron Bitz.
14:33 of 1st period - Stopped by Alexandar Georgiev without a rebound.
14:34 of 1st period - Matt Duchene wins face-off versus Robert Nilsson in Canucks zone.
14:49 of 1st period - Snap shot by Nick Bjugstad.
14:49 of 1st period - Shot Misses the Net.
14:51 of 1st period - Backhand shot by Josh Gorges.
14:51 of 1st period - Stopped by Alexandar Georgiev with a rebound.
15:21 of 1st period - Snap shot by Daultan Leveillé.
15:21 of 1st period - Shot Misses the Net.
16:31 of 1st period - Off-side.
16:32 of 1st period - Matt Duchene wins face-off versus Marcus Johansson in neutral zone.
16:39 of 1st period - Snap shot by Matt Duchene.
16:39 of 1st period - Shot Misses the Net.
16:41 of 1st period - Slapshot by Nick Bjugstad.
16:41 of 1st period - Stopped by Alexandar Georgiev with a rebound.
17:30 of 1st period - Backhand shot by Erik Gudbranson.
17:30 of 1st period - Stopped by Alexandar Georgiev without a rebound.
17:31 of 1st period - Robert Nilsson wins face-off versus Jordan Eberle in Canucks zone.
17:42 of 1st period - Jordan Eberle is hit by Garnet Hathaway and loses puck.
19:23 of 1st period - Snap shot by Jeremy Morin.
19:23 of 1st period - Stopped by Alexandar Georgiev without a rebound.
19:24 of 1st period - Max Reinhart wins face-off versus Robert Nilsson in Canucks zone.
19:29 of 1st period - Wrist shot by Max Reinhart.
19:29 of 1st period - Stopped by Alexandar Georgiev with a rebound.
19:31 of 1st period - Snap shot by Byron Bitz.
19:31 of 1st period - Stopped by Alexandar Georgiev without a rebound.
19:32 of 1st period - Matt Duchene wins face-off versus Robert Nilsson in Canucks zone.
19:34 of 1st period - Minor Penalty to Derick Brassard for Roughing.
19:35 of 1st period - Robert Nilsson wins face-off versus Matt Duchene in Canucks zone.
Goals for this period are 1 for Canucks vs 0 for Panthers.
Shots for this period are 5 for Canucks vs 16 for Panthers.
2nd period
0:01 of 2nd period - Matt Duchene wins face-off versus Robert Nilsson in neutral zone.
0:12 of 2nd period - Snap shot by Taylor Hall.
0:12 of 2nd period - Stopped by Alexandar Georgiev with a rebound.
0:14 of 2nd period - Slapshot by Oscar Klefbom.
0:14 of 2nd period - Deflect By Nick Bjugstad.
0:14 of 2nd period - Shot Blocked by Drew Doughty.
0:14 of 2nd period - Puck is out of play.
0:15 of 2nd period - Sam Gagner wins face-off versus Matt Duchene in Canucks zone.
1:04 of 2nd period - Slapshot by Drew Doughty.
1:04 of 2nd period - Deflect By Marcus Johansson.
1:04 of 2nd period - Stopped by Petr Mrazek with a rebound.
1:34 of 2nd period - Penalty to Derick Brassard is over, Derick Brassard is back on ice.
2:05 of 2nd period - Tyler Myers is hit by Kasperi Kapanen and loses puck.
2:15 of 2nd period - Icing by Derick Brassard.
2:16 of 2nd period - Robert Nilsson wins face-off versus Taylor Hall in Canucks zone.
2:43 of 2nd period - Wrist shot by Anze Kopitar.
2:43 of 2nd period - Stopped by Alexandar Georgiev without a rebound.
2:44 of 2nd period - Anze Kopitar wins face-off versus Cody Eakin in Canucks zone.
2:45 of 2nd period - Slapshot by Benoit Pouliot.
2:45 of 2nd period - Shot Hit the Post.
2:52 of 2nd period - Off-side.
2:53 of 2nd period - Cody Eakin wins face-off versus Matt Duchene in neutral zone.
2:58 of 2nd period - Wrist shot by Cody Eakin.
2:58 of 2nd period - Deflect By Matt Duchene.
2:58 of 2nd period - Stopped by Petr Mrazek with a rebound.
3:10 of 2nd period - Slapshot by Matt Duchene.
3:10 of 2nd period - Stopped by Alexandar Georgiev with a rebound.
3:49 of 2nd period - Wrist shot by Oscar Klefbom.
3:49 of 2nd period - Shot Misses the Net.
4:23 of 2nd period - Oscar Klefbom is hit by Garnet Hathaway.
4:59 of 2nd period - Wrist shot by Daultan Leveillé.
4:59 of 2nd period - Shot Misses the Net.
5:01 of 2nd period - Wrist shot by Dany Heatley.
5:01 of 2nd period - Shot Blocked by Derick Brassard.
5:03 of 2nd period - Snap shot by Daultan Leveillé.
5:03 of 2nd period - Shot Blocked by Derick Brassard.
5:05 of 2nd period - Slapshot by Daultan Leveillé.
5:05 of 2nd period - Shot Misses the Net.
5:11 of 2nd period - Backhand shot by Daultan Leveillé.
5:11 of 2nd period - Stopped by Alexandar Georgiev with a rebound.
5:25 of 2nd period - Wrist shot by Jason Akeson.
5:25 of 2nd period - Stopped by Petr Mrazek with a rebound.
5:27 of 2nd period - Wrist shot by Maxim Talbot.
5:27 of 2nd period - Stopped by Petr Mrazek with a rebound.
5:29 of 2nd period - Slapshot by Jason Akeson.
5:29 of 2nd period - Deflect By Maxim Talbot.
5:29 of 2nd period - Shot Misses the Net.
5:29 of 2nd period - Puck is out of play.
5:30 of 2nd period - Cody Eakin wins face-off versus Matt Duchene in Panthers zone.
6:14 of 2nd period - Minor Penalty to Sam Gagner for Hooking.
6:15 of 2nd period - Matt Duchene wins face-off versus Robert Nilsson in Canucks zone.
6:16 of 2nd period - Snap shot by Nick Bjugstad.
6:16 of 2nd period - Goal by Nick Bjugstad - Canucks : 1 - Panthers : 1.
6:17 of 2nd period - Matt Duchene wins face-off versus Robert Nilsson in neutral zone.
7:07 of 2nd period - Dalton Prout is hit by Jason Akeson and loses puck.
7:16 of 2nd period - Slapshot by Jeremy Morin.
7:16 of 2nd period - Stopped by Alexandar Georgiev without a rebound.
7:17 of 2nd period - Robert Nilsson wins face-off versus Nick Bjugstad in Canucks zone.
7:28 of 2nd period - Snap shot by Derick Brassard.
7:28 of 2nd period - Stopped by Petr Mrazek without a rebound.
7:29 of 2nd period - Robert Nilsson wins face-off versus Matt Duchene in Panthers zone.
7:46 of 2nd period - Wrist shot by Derick Brassard.
7:46 of 2nd period - Shot Misses the Net.
7:59 of 2nd period - Off-side.
8:00 of 2nd period - Benoit Pouliot wins face-off versus Cody Eakin in neutral zone.
8:31 of 2nd period - Off-side.
8:32 of 2nd period - Matt Duchene wins face-off versus Robert Nilsson in neutral zone.
9:02 of 2nd period - Slapshot by Drew Doughty.
9:02 of 2nd period - Shot Blocked by Erik Gudbranson.
9:24 of 2nd period - Wrist shot by Taylor Hall.
9:24 of 2nd period - Stopped by Alexandar Georgiev with a rebound.
9:26 of 2nd period - Backhand shot by Erik Gudbranson.
9:26 of 2nd period - Stopped by Alexandar Georgiev with a rebound.
9:52 of 2nd period - Wrist shot by Taylor Hall.
9:52 of 2nd period - Shot Blocked by Robert Nilsson.
10:02 of 2nd period - Wrist shot by Matt Duchene.
10:02 of 2nd period - Shot Blocked by Robert Nilsson.
10:04 of 2nd period - Snap shot by Matt Duchene.
10:04 of 2nd period - Stopped by Alexandar Georgiev without a rebound.
10:05 of 2nd period - Nick Palmieri wins face-off versus Anze Kopitar in Canucks zone.
11:15 of 2nd period - Snap shot by Max Reinhart.
11:15 of 2nd period - Shot Misses the Net.
11:17 of 2nd period - Wrist shot by Max Reinhart.
11:17 of 2nd period - Stopped by Alexandar Georgiev with a rebound.
11:29 of 2nd period - Cody Eakin is hit by Dalton Prout and loses puck.
11:42 of 2nd period - Wrist shot by Maxim Talbot.
11:42 of 2nd period - Shot Hit the Post.
12:28 of 2nd period - Wrist shot by Jordan Eberle.
12:28 of 2nd period - Deflect By Anze Kopitar.
12:28 of 2nd period - Shot Misses the Net.
12:28 of 2nd period - Puck is out of play.
12:29 of 2nd period - Byron Bitz wins face-off versus Maxim Talbot in Canucks zone.
12:46 of 2nd period - Jeremy Morin is hit by Maxim Talbot and loses puck.
13:29 of 2nd period - Wrist shot by Max Reinhart.
13:29 of 2nd period - Shot Blocked by Alex Goligoski.
13:31 of 2nd period - Wrist shot by Jeremy Morin.
13:31 of 2nd period - Shot Misses the Net.
13:33 of 2nd period - Snap shot by Jeremy Morin.
13:33 of 2nd period - Stopped by Alexandar Georgiev with a rebound.
13:35 of 2nd period - Slapshot by Jeremy Morin.
13:35 of 2nd period - Stopped by Alexandar Georgiev without a rebound.
13:36 of 2nd period - Matt Duchene wins face-off versus Cody Eakin in Canucks zone.
14:10 of 2nd period - Off-side.
14:11 of 2nd period - Jordan Eberle wins face-off versus Robert Nilsson in neutral zone.
14:34 of 2nd period - Wrist shot by Taylor Hall.
14:34 of 2nd period - Deflect By Nick Bjugstad.
14:34 of 2nd period - Shot Blocked by Nick Palmieri.
14:34 of 2nd period - Puck is out of play.
14:35 of 2nd period - Matt Duchene wins face-off versus Robert Nilsson in Canucks zone.
14:36 of 2nd period - Slapshot by Taylor Hall.
14:36 of 2nd period - Shot Misses the Net.
15:18 of 2nd period - Wrist shot by Drew Doughty.
15:18 of 2nd period - Shot Misses the Net.
16:21 of 2nd period - Wrist shot by Anze Kopitar.
16:21 of 2nd period - Shot Misses the Net.
17:16 of 2nd period - Icing by Dan Hamhuis.
17:17 of 2nd period - Max Reinhart wins face-off versus Maxim Talbot in Panthers zone.
17:30 of 2nd period - Slapshot by Taylor Hall.
17:30 of 2nd period - Deflect By Matt Duchene.
17:30 of 2nd period - Stopped by Alexandar Georgiev with a rebound.
17:42 of 2nd period - Wrist shot by Anze Kopitar.
17:42 of 2nd period - Stopped by Alexandar Georgiev with a rebound.
18:01 of 2nd period - Minor Penalty to Anze Kopitar for Tripping.
18:02 of 2nd period - Dany Heatley wins face-off versus Robert Nilsson in Panthers zone.
18:32 of 2nd period - Slapshot by Drew Doughty.
18:32 of 2nd period - Stopped by Petr Mrazek without a rebound.
18:33 of 2nd period - Robert Nilsson wins face-off versus Jordan Eberle in Panthers zone.
18:34 of 2nd period - Snap shot by Derick Brassard.
18:34 of 2nd period - Deflect By Robert Nilsson.
18:34 of 2nd period - Shot Misses the Net.
18:34 of 2nd period - Puck is out of play.
18:35 of 2nd period - Robert Nilsson wins face-off versus Daultan Leveillé in Panthers zone.
18:42 of 2nd period - Wrist shot by Derick Brassard.
18:42 of 2nd period - Stopped by Petr Mrazek with a rebound.
19:18 of 2nd period - Icing by Cody Eakin.
19:19 of 2nd period - Cody Eakin wins face-off versus Daultan Leveillé in Canucks zone.
19:30 of 2nd period - Slapshot by Drew Doughty.
19:30 of 2nd period - Shot Misses the Net.
19:32 of 2nd period - Snap shot by Sam Gagner.
19:32 of 2nd period - Stopped by Petr Mrazek without a rebound.
19:33 of 2nd period - Dany Heatley wins face-off versus Robert Nilsson in Panthers zone.
Goals for this period are 0 for Canucks vs 1 for Panthers.
Shots for this period are 8 for Canucks vs 14 for Panthers.
3rd period
0:01 of 3rd period - Penalty to Anze Kopitar is over, Anze Kopitar is back on ice.
0:01 of 3rd period - Dany Heatley wins face-off versus Robert Nilsson in neutral zone.
0:07 of 3rd period - Minor Penalty to Robert Nilsson for Hooking.
0:08 of 3rd period - Matt Duchene wins face-off versus Sam Gagner in Canucks zone.
1:19 of 3rd period - Drew Doughty is hit by Taylor Hall and loses puck.
1:51 of 3rd period - Oscar Klefbom is hit by Fabian Brunnstrom and loses puck.
2:07 of 3rd period - Penalty to Robert Nilsson is over, Robert Nilsson is back on ice.
2:23 of 3rd period - Slapshot by Dan Hamhuis.
2:23 of 3rd period - Deflect By Daultan Leveillé.
2:23 of 3rd period - Stopped by Alexandar Georgiev without a rebound.
2:24 of 3rd period - Max Reinhart wins face-off versus Cody Eakin in Canucks zone.
3:08 of 3rd period - Minor Penalty to Robert Nilsson for Hooking.
3:09 of 3rd period - Sam Gagner wins face-off versus Taylor Hall in Canucks zone.
3:18 of 3rd period - Snap shot by Matt Duchene.
3:18 of 3rd period - Stopped by Alexandar Georgiev with a rebound.
3:46 of 3rd period - Wrist shot by Jordan Eberle.
3:46 of 3rd period - Stopped by Alexandar Georgiev without a rebound.
3:47 of 3rd period - Cody Eakin wins face-off versus Matt Duchene in Canucks zone.
4:02 of 3rd period - Wrist shot by Alex Goligoski.
4:02 of 3rd period - Shot Blocked by Dalton Prout.
4:24 of 3rd period - Snap shot by Anze Kopitar.
4:24 of 3rd period - Stopped by Alexandar Georgiev with a rebound.
5:08 of 3rd period - Penalty to Robert Nilsson is over, Robert Nilsson is back on ice.
5:08 of 3rd period - Drew Doughty is hit by Erik Gudbranson and loses puck.
5:40 of 3rd period - Snap shot by Robert Nilsson.
5:40 of 3rd period - Deflect By Axel Holmstrom.
5:40 of 3rd period - Stopped by Petr Mrazek with a rebound.
5:42 of 3rd period - Wrist shot by Derick Brassard.
5:42 of 3rd period - Stopped by Petr Mrazek without a rebound.
5:43 of 3rd period - Cody Eakin wins face-off versus Anze Kopitar in Panthers zone.
5:48 of 3rd period - Slapshot by Marcus Johansson.
5:48 of 3rd period - Stopped by Petr Mrazek with a rebound.
5:50 of 3rd period - Minor Penalty to Benoit Pouliot for Holding.
5:51 of 3rd period - Cody Eakin wins face-off versus Anze Kopitar in Panthers zone.
6:04 of 3rd period - Snap shot by Cody Eakin.
6:04 of 3rd period - Stopped by Petr Mrazek with a rebound.
6:06 of 3rd period - Slapshot by Drew Doughty.
6:06 of 3rd period - Deflect By Cody Eakin.
6:06 of 3rd period - Goal by Cody Eakin - Canucks : 2 - Panthers : 1.
6:07 of 3rd period - Robert Nilsson wins face-off versus Matt Duchene in neutral zone.
6:10 of 3rd period - Erik Gudbranson is hit by Drew Doughty.
6:34 of 3rd period - Marcus Johansson is hit by Anze Kopitar and loses puck.
7:01 of 3rd period - Adam Larsson is hit by Maxim Talbot and loses puck.
7:36 of 3rd period - Oscar Klefbom is hit by Tyler Myers and loses puck.
8:33 of 3rd period - Wrist shot by Anze Kopitar.
8:33 of 3rd period - Stopped by Alexandar Georgiev with a rebound.
8:35 of 3rd period - Wrist shot by Benoit Pouliot.
8:35 of 3rd period - Shot Misses the Net.
8:37 of 3rd period - Snap shot by Anze Kopitar.
8:37 of 3rd period - Stopped by Alexandar Georgiev with a rebound.
8:43 of 3rd period - Minor Penalty to Nick Palmieri for Hooking.
8:44 of 3rd period - Matt Duchene wins face-off versus Robert Nilsson in Canucks zone.
8:45 of 3rd period - Snap shot by Taylor Hall.
8:45 of 3rd period - Stopped by Alexandar Georgiev with a rebound.
8:47 of 3rd period - Wrist shot by Nick Bjugstad.
8:47 of 3rd period - Stopped by Alexandar Georgiev without a rebound.
8:48 of 3rd period - Robert Nilsson wins face-off versus Matt Duchene in Canucks zone.
9:37 of 3rd period - Alex Goligoski is hit by Taylor Hall and loses puck.
10:43 of 3rd period - Penalty to Nick Palmieri is over, Nick Palmieri is back on ice.
11:01 of 3rd period - Icing by Benoit Pouliot.
11:02 of 3rd period - Anze Kopitar wins face-off versus Maxim Talbot in Panthers zone.
11:29 of 3rd period - Jordan Eberle is hit by Nick Palmieri and loses puck.
12:02 of 3rd period - Off-side.
12:03 of 3rd period - Maxim Talbot wins face-off versus Matt Duchene in neutral zone.
12:08 of 3rd period - Snap shot by Drew Doughty.
12:08 of 3rd period - Shot Blocked by Dalton Prout.
12:41 of 3rd period - Icing by Byron Bitz.
12:42 of 3rd period - Robert Nilsson wins face-off versus Max Reinhart in Panthers zone.
13:03 of 3rd period - Snap shot by Jeremy Morin.
13:03 of 3rd period - Stopped by Alexandar Georgiev without a rebound.
13:04 of 3rd period - Cody Eakin wins face-off versus Matt Duchene in Canucks zone.
13:04 of 3rd period - Cody Eakin is hit by Dan Hamhuis.
13:32 of 3rd period - Daultan Leveillé is hit by Sam Gagner and loses puck.
13:41 of 3rd period - Wrist shot by Robert Nilsson.
13:41 of 3rd period - Goal by Robert Nilsson - Canucks : 3 - Panthers : 1.
13:42 of 3rd period - Matt Duchene wins face-off versus Derick Brassard in neutral zone.
13:45 of 3rd period - Snap shot by Oscar Klefbom.
13:45 of 3rd period - Stopped by Alexandar Georgiev with a rebound.
13:47 of 3rd period - Wrist shot by Matt Duchene.
13:47 of 3rd period - Shot Misses the Net.
13:49 of 3rd period - Snap shot by Matt Duchene.
13:49 of 3rd period - Shot Misses the Net.
14:11 of 3rd period - Oscar Klefbom is hit by Nick Palmieri and loses puck.
14:43 of 3rd period - Icing by Max Reinhart.
14:44 of 3rd period - Max Reinhart wins face-off versus Robert Nilsson in Panthers zone.
15:10 of 3rd period - Minor Penalty to Robert Nilsson for Interference.
15:11 of 3rd period - Sam Gagner wins face-off versus Matt Duchene in Canucks zone.
15:11 of 3rd period - Sam Gagner is hit by Adam Larsson.
15:56 of 3rd period - Cody Eakin is hit by Taylor Hall and loses puck.
16:20 of 3rd period - Icing by Adam Larsson.
16:21 of 3rd period - Axel Holmstrom wins face-off versus Anze Kopitar in Panthers zone.
17:10 of 3rd period - Penalty to Robert Nilsson is over, Robert Nilsson is back on ice.
Goals for this period are 2 for Canucks vs 0 for Panthers.
Shots for this period are 6 for Canucks vs 10 for Panthers.